 Dungeon Crawl Stone Soup version 0.29.0-4-gdea44cf6ec (webtiles) character file.

Game seed: 5089372123203357120

40 qw the Chopper (level 3, -3/21 HPs)
             Began as a Tengu Warper on Aug 28, 2022.
             Slain by Natasha (5 damage)
             ... on level 2 of the Dungeon.
             The game lasted 00:00:08 (2343 turns).

qw the Chopper (Tengu Warper)                       Turns: 2343, Time: 00:00:09

Health: -3/21      AC:  3    Str: 13    XL:     3   Next: 50%
Magic:  7/7        EV: 12    Int: 13    God:
Gold:   180        SH:  0    Dex: 13    Spells: 6/6 levels left

rFire   . . .      SeeInvis .   Y - +0 hand axe
rCold   . . .      Faith    .   (no shield)
rNeg    . . .      Spirit   .   b - +0 leather armour
rPois   .          Reflect  .   (helmet restricted)
rElec   .          Harm     .   (no cloak)
rCorr   .          Rampage  .   (no gloves)
Will    .....                   (boots unavailable)
Stlth   +.........              (no amulet)
HPRegen 0.07/turn               (no ring)
MPRegen 0.10/turn               (no ring)

@: slowed, very slow
A: beak, talons 3
a: no special abilities


You were on level 2 of the Dungeon.
You visited 1 branch of the dungeon, and saw 2 of its levels.

You collected 648 gold pieces.
You spent 468 gold pieces at shops.


Innate Abilities, Weirdness & Mutations

You have a beak for a mouth.
You have claws for feet.


   Skills:
 - Level 2.0 Fighting
 + Level 4.2 Axes
 - Level 1.0 Throwing
 - Level 1.1 Armour
 - Level 2.1 Dodging
 - Level 2.0 Spellcasting
 - Level 2.4 Translocations


You had 6 spell levels left.
You didn't know any spells.
Your spell library contained the following spells:

 Spells                   Type           Power      Damage    Failure   Level
 Blink                    Tloc           14%        N/A       19%         2
 Gell's Gravitas          Tloc           7%         N/A       36%         3
 Lesser Beckoning         Tloc           7%         N/A       36%         3
 Teleport Other           Tloc           7%         N/A       36%         3
 Manifold Assault         Tloc           7%         N/A       98%         5

Inventory:

Hand Weapons
 d - a +0 whip
 Y - a +0 hand axe (weapon)
Armour
 b - a +0 leather armour (worn)
Jewellery
 a - a +6 ring of dexterity
Scrolls
 e - a scroll of teleportation {unknown}
 f - a scroll of amnesia {unknown}
 j - 2 scrolls of enchant armour
 k - a scroll of identify
Potions
 c - a potion of lignification {unknown}
 g - 2 potions of mutation {unknown}
 h - 3 potions of curing
 i - a potion of ambrosia {unknown}

Dungeon Overview and Level Annotations

Branches:
Dungeon (2/15)

Altars:

Shops:
D:2 =

Annotations:
D:2 Natasha


Message History

You miss the bat. The bat hits you. The bat hits you but does no damage.
You closely miss the bat. You claw the bat.
You kill the bat!
You start resting.
HP restored.
You see here a frilled lizard corpse.
i - a brown potion
Enter note:
There is an open door here.
Found a spear.
Natasha, Servant of Life and Death comes into view.
Natasha hisses angrily.
Natasha wildly gestures.
Natasha's front paws start to glow.
2334 ||| Stepping ~*~*~tactically~*~*~ (hiding).
You start waiting.
Natasha is nearby!
You hit Natasha. Your kick misses Natasha.
Natasha is moderately wounded.
Natasha closely misses you.
You closely miss Natasha.
Natasha is moderately wounded.
Natasha casts a spell at you.
You feel yourself slow down.
You barely miss Natasha.
Natasha is moderately wounded.
Natasha claws you!
Natasha howls an incantation.
You feel disoriented.
Natasha stares at you and mumbles some strange words.
The magic dart hits you.
You hit Natasha. Your kick misses Natasha.
Natasha is moderately wounded.
Natasha closely misses you. Natasha claws you.
You closely miss Natasha. You claw Natasha.
Natasha is severely wounded.
Natasha claws you.
You die...

###............# ##..##
#.....##'#....#######..##.
#######.##.#....#....#...#..
#.......##.#....#.##...#...#
#.#........####.#.##..###..#
#........#.........## ##..
+..........####....######.
#........### ##.#....# ##
#.......h@.###.#+####.# #
#.....<..#.........##'####
#........#...............#
.........#..(............#
...........).............
.........................
.....#####...............
#... ........####...
........ #...


You could see Natasha.

Vanquished Creatures
  An adder (D:2)
  A worm (D:2)
  A dart slug (D:1)
  2 bats (D:2)
  2 endoplasms (D:1)
  3 giant cockroaches
  A goblin (D:2)
  5 hobgoblins
  2 ball pythons
  6 frilled lizards
  2 kobolds (D:1)
26 creatures vanquished.

Notes
Turn   | Place    | Note
-------+----------+-------------------------------------------
     0 | D:1      | qw the Tengu Warper began the quest for the Orb.
     0 | D:1      | Reached XP level 1. HP: 12/12 MP: 4/4
     0 | D:1      | 0 ||| qw: Version: 0.1-a-89-g26bdef1
     0 | D:1      | 0 ||| qw: Game counter: 2661
     0 | D:1      | 0 ||| qw: Always use a shield: true
     0 | D:1      | 0 ||| qw: God list: Okawaru
     0 | D:1      | 0 ||| qw: Allow faded altars: false
     0 | D:1      | 0 ||| qw: Do Orc after D:15 true
     0 | D:1      | 0 ||| qw: Do second Lair branch before Depths: true
     0 | D:1      | 0 ||| qw: Lair rune preference: random
     0 | D:1      | 0 ||| qw: Plans: Normal
     0 | D:1      | 0 ||| PLANNING D:1-11
   111 | D:1      | 111 ||| Stepping ~*~*~tactically~*~*~ (stealth).
   130 | D:1      | HP: 3/12 [hobgoblin (1)]
   132 | D:1      | Reached skill level 3 in Axes
   132 | D:1      | Reached XP level 2. HP: 4/17 MP: 6/6
   581 | D:1      | 581 ||| Stepping ~*~*~tactically~*~*~ (stealth).
  1141 | D:1      | 1141 ||| DROPPING orb of energy.
  1142 | D:1      | 1142 ||| READING scroll labelled BEL KOIBAADIDI.
  1243 | D:1      | 1243 ||| READING scroll labelled YXTO FEFIRIOC.
  1243 | D:1      | Identified a scroll of acquirement
  1243 | D:1      | 1243 ||| ACQUIRING 524 gold pieces
  1243 | D:1      | Acquired 524 gold pieces
  1245 | D:1      | 1245 ||| READING 3 scrolls labelled OCIKOY MUGOIW.
  1246 | D:1      | 1246 ||| READING 2 scrolls labelled BIT GUEMEAR.
  1247 | D:1      | 1247 ||| DRINKING 2 blue potions.
  1248 | D:1      | 1248 ||| DROPPING scroll of blinking.
  1272 | D:2      | 1272 ||| STAIRDANCE
  1401 | D:2      | 1401 ||| FLEEEEING.
  1406 | D:2      | 1406 ||| FLEEEEING.
  1429 | D:2      | 1429 ||| FLEEEEING.
  1430 | D:2      | 1430 ||| FLEEEEING.
  1431 | D:2      | 1431 ||| FLEEEEING.
  1432 | D:2      | 1432 ||| FLEEEEING.
  1433 | D:2      | 1433 ||| FLEEEEING.
  1867 | D:2      | Found Cuttuf's Jewellery Shoppe.
  1871 | D:2      | 1871 ||| BUYING +6 ring of dexterity (468 gold).
  1871 | D:2      | Bought a +6 ring of dexterity for 468 gold pieces
  1871 | D:2      | 1871 ||| SHOPLISTING +6 ring of strength (468 gold, have
                  | 137).
  1871 | D:2      | 1871 ||| SHOPLISTING amulet of reflection (390 gold, have
                  | 137).
  1871 | D:2      | 1871 ||| SHOPLISTING ring of the Mutiny {rElec rF+ rC+
                  | MP+9} (624 gold, have 137).
  1943 | D:2      | 1943 ||| Stepping ~*~*~tactically~*~*~ (stealth).
  1949 | D:2      | Reached XP level 3. HP: 18/21 MP: 7/7
  2250 | D:2      | Reached skill level 4 in Axes
  2333 | D:2      | Noticed Natasha
  2334 | D:2      | 2334 ||| Stepping ~*~*~tactically~*~*~ (hiding).
  2342 | D:2      | HP: 2/21 [Natasha (6)]
  2343 | D:2      | Slain by Natasha

Levels and vault maps discovered:
D:1:      spicycebolla_arrival_ecumenical, layout_basic, minmay_cut_off
D:2:      minmay_alternating_diamond, layout_basic, serial_shops, shop,
          patterned_corridor, uniq_natasha

Skill      XL: |  1  2  3 |
---------------+----------+-----
Axes           | 3 4 |  4.2
Fighting       | |  2.0
Throwing       | |  1.0
Armour         | |  1.1
Dodging        | |  2.1
Spellcasting   | |  2.0
Translocations | |  2.4

Action                   || total
-------------------------++-------
Melee: Hand axe          ||    71
       Peck              ||     4
       Kick              ||    13
       Punch             ||     1
Throw: Boomerang         ||     7
  Use: Scroll            ||     4
       Potion            ||     1
 Stab: Sleeping          ||     1
Armor: Leather armour    ||    18
Dodge: Dodged            ||    32

Table legend:
 A = Non-vault XP
 B = Vault XP
 C = Vault XP percentage of total XP
 D = Non-vault monster count
 E = Vault monster count
 F = Vault count percentage of total count
                 A         B        C        D         E       F
            +---------+---------+-------+---------+---------+-------
      Total |      47 |      11 |  19.0 |      20 |       6 |  23.1
            +---------+---------+-------+---------+---------+-------
        D:1 |      19 |       5 |  20.8 |      11 |       3 |  21.4
        D:2 |      28 |       6 |  17.6 |       9 |       3 |  25.0
            +---------+---------+-------+---------+---------+-------
